Wolves vs Sound Tigers

Created - Thursday, March 6, 2025 at 20:48

Goals
1 2 3 T
Wolves 1 1 2 4
Sound Tigers 1 0 0 1
Shots
1 2 3 T
Wolves 13 8 7 28
Sound Tigers 15 2 10 27

1st period

1. Wolves , James van Riemsdyk 14 (Ethan Cardwell 17, Marco Kasper 26) at 7:09
2. Sound Tigers , Jimmy Schuldt 10 (Logan Morrison 41) at 8:26 (PP)

Penalties :
Ben King (CHI) for Tripping (Minor) at 7:47, Brennan Othmann (CHI) for Holding (Minor) at 15:14

2nd period

3. Wolves , Ethan Cardwell 23 (Corson Ceulemans 21, Brennan Othmann 32) at 6:44

Penalties :
Brennan Othmann (CHI) for Roughing (Minor) at 2:14, Liam O'Brien (BRI) for Slashing (Minor) at 14:26, David Reinbacher (CHI) for Hooking (Minor) at 16:56, Jimmy Schuldt (BRI) for Tripping (Minor) at 19:36

3rd period

4. Wolves , Brennan Othmann 24 (Ben King 28, Logan Mailloux 31) at 2:33 (PP)
5. Wolves , Jesse Puljujarvi 4 (Nils aman 30, Zachary Bolduc 35) at 16:14

Penalties :
Ty Glover (BRI) for Roughing (Minor) at 0:43, Liam O'Brien (BRI) for Roughing (Minor) at 3:42, Yaroslav Askarov (CHI) for Delaying the game (Minor) at 9:29 - Corson Ceulemans served the penalty., Helge Grans (BRI) for Slashing (Minor) at 16:23

Goalie Stats

Yaroslav Askarov (CHI), 26 saves from 27 shots - (0.963), W, 38-22-4, 60:00 minutes
Kevin Mandolese (BRI), 24 saves from 28 shots - (0.857), L, 16-21-3, 60:00 minutes

Players Stats for Wolves

Player Name              G  A  P  +/- PIM S  H  SB GA TA FO     MP     PP MP  PK MP  
------------------------------------------------------------------------------------
Alex Jefferies           0  0  0   0  0   0  0  0  0  0  0/0     1:46   0:00   0:45 
Ben King                 0  1  1   1  2   2  4  0  0  0  12/17  16:52   3:14   0:00 
Brennan Othmann          1  1  2   1  4   7  1  0  0  0  0/0    18:47   3:14   1:32 
Carson Lambos            0  0  0   1  0   0  4  1  0  0  0/0    17:13   1:24   1:30 
Corson Ceulemans         0  1  1   1  0   0  4  0  0  0  0/0    15:19   0:36   1:19 
Daemon Hunt              0  0  0   1  0   0  0  2  0  0  0/0    21:48   4:25   2:59 
David Reinbacher         0  0  0   1  2   1  0  0  0  0  0/0    19:46   2:29   3:23 
Ethan Cardwell           1  1  2   2  0   2  1  0  0  0  0/1    19:01   4:52   0:00 
Fabian Lysell            0  0  0   0  0   0  0  0  0  0  1/10   20:42   3:14   4:16 
James van Riemsdyk       1  0  1   1  0   2  1  0  0  0  0/5    18:03   0:00   0:00 
Jesse Puljujarvi         1  0  1   1  0   5  1  0  0  0  0/0    12:03   0:48   0:40 
Josh Lopina              0  0  0   0  0   2  1  0  0  0  0/0     1:27   0:19   0:19 
Logan Mailloux           0  1  1   1  0   1  4  3  0  0  0/0    20:58   3:34   4:14 
Luke Toporowski          0  0  0   0  0   0  1  0  0  0  0/0    10:29   1:26   0:32 
Marco Kasper             0  1  1   1  0   1  2  2  0  0  4/14   18:24   1:33   4:09 
Nils aman                0  1  1   1  0   1  2  0  0  0  10/21  15:50   4:43   2:34 
Samuel Bolduc            0  0  0   1  0   0  0  3  0  0  0/0    22:03   4:25   2:53 
Zachary Bolduc           0  1  1   1  0   4  0  0  0  0  2/3    20:50   4:14   3:15 

Players Stats for Sound Tigers

Player Name              G  A  P  +/- PIM S  H  SB GA TA FO     MP     PP MP  PK MP  
------------------------------------------------------------------------------------
Austin Czarnik           0  0  0  -1  0   3  0  0  0  0  0/0    13:24   4:43   1:19 
Callahan Burke           0  0  0   0  0   1  0  0  0  0  0/0     4:22   3:30   0:00 
Devante Stephens         0  0  0   0  0   0  0  0  0  0  0/0    21:35   4:14   3:52 
Dominic Franco           0  0  0  -1  0   2  3  0  0  0  1/2    14:23   0:00   0:00 
Helge Grans              0  0  0   0  2   1  0  0  0  0  0/0    21:10   4:14   2:55 
Jimmy Schuldt            1  0  1  -1  2   1  1  0  0  0  0/0    20:54   3:59   3:04 
Kyle Betts               0  0  0  -1  0   0  0  0  0  0  5/12   14:51   0:00   0:28 
Liam O'Brien             0  0  0  -1  4   2  5  0  0  0  0/0    16:32   0:22   0:00 
Logan Morrison           0  1  1  -1  0   1  0  0  0  0  9/14   19:08   3:59   3:34 
Mason Shaw               0  0  0  -1  0   2  0  0  0  0  1/1    16:18   4:43   0:00 
Nate Clurman             0  0  0  -2  0   0  2  0  0  0  0/0    17:46   0:22   2:14 
Noel Hoefenmayer         0  0  0  -2  0   3  2  0  0  0  0/0    16:41   0:22   1:09 
Philippe Maillet         0  0  0  -1  0   3  0  0  0  0  13/16  16:51   4:02   5:27 
Ryan Francis             0  0  0   0  0   1  0  0  0  0  0/0     9:11   0:00   0:00 
Tim Gettinger            0  0  0  -1  0   2  1  0  0  0  0/1    16:10   3:52   0:43 
Timur Ibragimov          0  0  0  -1  0   1  0  0  0  0  2/4    16:18   0:00   2:26 
Tobias Bjornfot          0  0  0  -1  0   3  1  3  0  0  0/0    20:54   3:59   3:36 
Ty Glover                0  0  0   0  2   1  0  0  0  0  11/21  13:41   0:34   3:56 

3 Stars

1 - Ethan Cardwell (CHI)
2 - Yaroslav Askarov (CHI)
3 - Logan Mailloux (CHI)

Power Play

Wolves - 1 on 5 Attempt(s) - 20.00%
Sound Tigers - 1 on 5 Attempt(s) - 20.00%

Penalty Kill

Wolves - 4 on 5 Attempt(s) - 80.00% - Score 0 goal in Penalty Kill
Sound Tigers - 4 on 5 Attempt(s) - 80.00% - Score 0 goal in Penalty Kill

Team Stat

Wolves - Hits : 26 - Faceoff Wins : 29 - Blocked Shots : 11 - Penalty Minutes : 10
Sound Tigers - Hits : 15 - Faceoff Wins : 42 - Blocked Shots : 3 - Penalty Minutes : 10

Official

Referees : Francois St Laurent and Michael Markovic
Linesman : Travis Gawryletz and Trent Knorr

Game Notes

No Game Note

Finance

Level 1 -- Attendance: 2000 (100.00%) -- Ticket Income $70,000
Level 2 -- Attendance: 999 (99.90%) -- Ticket Income $14,985
Total Attendance: 2999 (99.97%)
Total Ticket Income: $84,985
Other Income: $41,643
Total Income: $126,628

Wolves

5 vs 5 Forward 
   Center                   Left Wing                Right Wing               Time % Phy DF OF 
 1 Nils aman                Zachary Bolduc           Jesse Puljujarvi         25     1   2  2  
 2 Ben King                 Brennan Othmann          Fabian Lysell            25     1   2  2  
 3 Marco Kasper             James van Riemsdyk       Ethan Cardwell           25     1   2  2  
 4 James van Riemsdyk       Luke Toporowski          Zachary Bolduc           25     1   2  2  

5 vs 5 Defense 
   Defense                  Defense                                           Time % Phy DF OF 
 1 Samuel Bolduc            Daemon Hunt                                       25     1   2  2  
 2 Logan Mailloux           David Reinbacher                                  25     1   2  2  
 3 Carson Lambos            Corson Ceulemans                                  25     1   2  2  
 4 Samuel Bolduc            Daemon Hunt                                       25     1   2  2  

PowerPlay Forward 
   Center                   Left Wing                Right Wing               Time % Phy DF OF 
 1 Nils aman                Zachary Bolduc           Ethan Cardwell           60     1   2  2  
 2 Ben King                 Brennan Othmann          Fabian Lysell            40     1   2  2  

PowerPlay Defense
   Defense                  Defense                                           Time % Phy DF OF 
 1 Samuel Bolduc            Daemon Hunt                                       60     1   2  2  
 2 Logan Mailloux           David Reinbacher                                  40     1   2  2  

Penalty Kill 4 Players Forward 
   Center                   Wing                     Time % Phy DF OF 
 1 Fabian Lysell            Zachary Bolduc           60     1   2  2  
 2 Nils aman                Brennan Othmann          40     1   2  2  

Penalty Kill 4 Players Defense
   Defense                  Defense                  Time % Phy DF OF 
 1 Samuel Bolduc            Daemon Hunt              60     1   2  2  
 2 Logan Mailloux           David Reinbacher         40     1   2  2  

Penalty Kill - 3 Players Forward 
   Forward                                           Time % Phy DF OF 
 1 Nils aman                                         60     1   2  2  
 2 Zachary Bolduc                                    40     1   2  2  

Penalty Kill - 3 Players Defense
   Defense                  Defense                  Time % Phy DF OF 
 1 Samuel Bolduc            Daemon Hunt              60     1   2  2  
 2 Logan Mailloux           David Reinbacher         40     1   2  2  

4 vs 4 Forward 
   Center                   Wing                     Time % Phy DF OF 
 1 Fabian Lysell            Zachary Bolduc           60     1   2  2  
 2 Nils aman                Brennan Othmann          40     1   2  2  

4 vs 4 Defense
   Defense                  Defense                  Time % Phy DF OF 
 1 Samuel Bolduc            Daemon Hunt              60     1   2  2  
 2 Logan Mailloux           David Reinbacher         40     1   2  2  

Last Minutes Offensive
   Center                   Left Wing                Right Wing               Defense                  Defense                  
   Nils aman                Zachary Bolduc           Fabian Lysell            Samuel Bolduc            Daemon Hunt              

Last Minutes Defensive
   Center                   Left Wing                Right Wing               Defense                  Defense                  
   Nils aman                Zachary Bolduc           Fabian Lysell            Samuel Bolduc            Daemon Hunt              

Goaltenders
Starting : Yaroslav Askarov         
Backup : Brandon Bussi            

Extra Forwards
Normal : Ethan Cardwell, Zachary Bolduc, Marco Kasper - PP : Ethan Cardwell, Zachary Bolduc - PK : Marco Kasper
Extra Defensemen
Normal : Carson Lambos, Samuel Bolduc, Logan Mailloux - PP : Carson Lambos - PK : Daemon Hunt, Logan Mailloux
Penalty Shots
Marco Kasper, Zachary Bolduc, Nils aman, Brennan Othmann, Fabian Lysell
Custom OT Lines Forwards
James van Riemsdyk, Zachary Bolduc, Nils aman, Brennan Othmann, Fabian Lysell, Ethan Cardwell, Ben King, Jesse Puljujarvi, Marco Kasper, Luke Toporowski
Custom OT Lines Defensemen
Samuel Bolduc, Daemon Hunt, Logan Mailloux, David Reinbacher, Carson Lambos

Scratches
Ville Petman (Healthy), Riley Bezeau (Healthy), Felix Robert (Healthy), Kyle Masters (Healthy), William Stromgren (Healthy)
Calle Sjalin (Healthy), D.J. Busdeker (Healthy), Kyle McDonald (Healthy), Tag Bertuzzi (Healthy), Logan Nijhoff (Healthy)
Keaton Mastrodonato (Healthy), Gabriel Bourque (Healthy), Cale Morris (Healthy)

Sound Tigers

5 vs 5 Forward 
   Center                   Left Wing                Right Wing               Time % Phy DF OF 
 1 Philippe Maillet         Liam O'Brien             Austin Czarnik           25     1   2  2  
 2 Logan Morrison           Mason Shaw               Tim Gettinger            25     1   2  2  
 3 Kyle Betts               Timur Ibragimov          Dominic Franco           25     1   2  2  
 4 Ty Glover                Liam O'Brien             Ryan Francis             25     1   2  2  

5 vs 5 Defense 
   Defense                  Defense                                           Time % Phy DF OF 
 1 Jimmy Schuldt            Tobias Bjornfot                                   40     1   2  2  
 2 Helge Grans              Devante Stephens                                  35     1   2  2  
 3 Noel Hoefenmayer         Nate Clurman                                      25     1   2  2  
 4 Jimmy Schuldt            Tobias Bjornfot                                   0      1   2  2  

PowerPlay Forward 
   Center                   Left Wing                Right Wing               Time % Phy DF OF 
 1 Philippe Maillet         Mason Shaw               Austin Czarnik           60     0   0  5  
 2 Logan Morrison           Tim Gettinger            Callahan Burke           40     0   0  5  

PowerPlay Defense
   Defense                  Defense                                           Time % Phy DF OF 
 1 Jimmy Schuldt            Tobias Bjornfot                                   60     0   0  5  
 2 Helge Grans              Devante Stephens                                  40     0   0  5  

Penalty Kill 4 Players Forward 
   Center                   Wing                     Time % Phy DF OF 
 1 Ty Glover                Philippe Maillet         60     0   5  0  
 2 Austin Czarnik           Logan Morrison           40     0   5  0  

Penalty Kill 4 Players Defense
   Defense                  Defense                  Time % Phy DF OF 
 1 Jimmy Schuldt            Tobias Bjornfot          60     0   5  0  
 2 Helge Grans              Devante Stephens         40     0   5  0  

Penalty Kill - 3 Players Forward 
   Forward                                           Time % Phy DF OF 
 1 Ty Glover                                         60     0   5  0  
 2 Philippe Maillet                                  40     0   5  0  

Penalty Kill - 3 Players Defense
   Defense                  Defense                  Time % Phy DF OF 
 1 Jimmy Schuldt            Tobias Bjornfot          60     0   5  0  
 2 Helge Grans              Devante Stephens         40     0   5  0  

4 vs 4 Forward 
   Center                   Wing                     Time % Phy DF OF 
 1 Austin Czarnik           Philippe Maillet         60     1   2  2  
 2 Ty Glover                Logan Morrison           40     1   2  2  

4 vs 4 Defense
   Defense                  Defense                  Time % Phy DF OF 
 1 Jimmy Schuldt            Tobias Bjornfot          60     1   2  2  
 2 Helge Grans              Devante Stephens         40     1   2  2  

Last Minutes Offensive
   Center                   Left Wing                Right Wing               Defense                  Defense                  
   Philippe Maillet         Timur Ibragimov          Austin Czarnik           Jimmy Schuldt            Tobias Bjornfot          

Last Minutes Defensive
   Center                   Left Wing                Right Wing               Defense                  Defense                  
   Philippe Maillet         Mason Shaw               Austin Czarnik           Jimmy Schuldt            Tobias Bjornfot          

Goaltenders
Starting : Kevin Mandolese          
Backup : Erik Portillo            

Extra Forwards
Normal : Ty Glover, Callahan Burke, Timur Ibragimov - PP : Ty Glover, Callahan Burke - PK : Timur Ibragimov
Extra Defensemen
Normal : Noel Hoefenmayer, Nate Clurman, Helge Grans - PP : Noel Hoefenmayer - PK : Nate Clurman, Helge Grans
Penalty Shots
Callahan Burke, Dominic Franco, Kyle Betts, Logan Morrison, Philippe Maillet
Custom OT Lines Forwards
Callahan Burke, Philippe Maillet, Austin Czarnik, Logan Morrison, Mason Shaw, Tim Gettinger, Ty Glover, Timur Ibragimov, Dominic Franco, Kyle Betts
Custom OT Lines Defensemen
Jimmy Schuldt, Tobias Bjornfot, Helge Grans, Devante Stephens, Noel Hoefenmayer

Scratches
Matteo Pietroniro (Healthy), Dmitri Zlodeyev (Healthy), Adam Karashik (Healthy), Riley McKay (Healthy), Keaton Thompson (Healthy)
Matt Stienburg (Healthy), William Lagesson (Healthy), Farm Goalie 19 (Healthy)

% Time on Ice - Wolves

Lines # - Real PCT - Wanted PCT - Time Play
Normal Forward
1 - 20% - 25% - 8:33
2 - 34% - 25% - 14:34
3 - 26% - 25% - 11:13
4 - 19% - 25% - 8:11
Normal Defense
1 - 17% - 25% - 7:21
2 - 32% - 25% - 13:27
3 - 33% - 25% - 14:10
4 - 18% - 25% - 7:33
PP Forward
1 - 60% - 60% - 5:21
2 - 40% - 40% - 3:33
PP Defense
1 - 51% - 60% - 4:33
2 - 49% - 40% - 4:21
PK Forward
1 - 70% - 60% - 6:01
2 - 30% - 40% - 2:34
PK Defense
1 - 38% - 60% - 3:17
2 - 62% - 40% - 5:18
PK3 Forward
1 - 0% - 60%
2 - 0% - 40%
PK3 Defense
1 - 0% - 60%
2 - 0% - 40%
44 Forward
1 - 0% - 60%
2 - 0% - 40%
44 Defense
1 - 0% - 60%
2 - 0% - 40%
Last Minute Offensive  - 0:00
Last Minute Defensive  - 0:00
Total
Forward - 60:00
Defense - 60:00

% Time on Ice - Sound Tigers

Lines # - Real PCT - Wanted PCT - Time Play
Normal Forward
1 - 17% - 25% - 7:22
2 - 27% - 25% - 11:35
3 - 34% - 25% - 14:23
4 - 22% - 25% - 9:11
Normal Defense
1 - 31% - 40% - 13:19
2 - 33% - 35% - 14:02
3 - 36% - 25% - 15:10
4 - 0% - 0% - 0:00
PP Forward
1 - 59% - 60% - 5:05
2 - 41% - 40% - 3:30
PP Defense
1 - 51% - 60% - 4:21
2 - 49% - 40% - 4:14
PK Forward
1 - 84% - 60% - 6:43
2 - 16% - 40% - 1:19
PK Defense
1 - 44% - 60% - 3:34
2 - 56% - 40% - 4:28
PK3 Forward
1 - 100% - 60% - 0:52
2 - 0% - 40% - 0:00
PK3 Defense
1 - 63% - 60% - 0:33
2 - 37% - 40% - 0:19
44 Forward
1 - 0% - 60%
2 - 0% - 40%
44 Defense
1 - 0% - 60%
2 - 0% - 40%
Last Minute Offensive  - 0:00
Last Minute Defensive  - 0:00
Total
Forward - 60:00
Defense - 60:00

Play-by-Play

1st period


0:01 of 1st period - Nils aman wins face-off versus Philippe Maillet in neutral zone.
0:01 of 1st period - Zachary Bolduc is hit by Liam O'Brien.
0:17 of 1st period - Shot by Philippe Maillet.
0:17 of 1st period - Stopped by Yaroslav Askarov without a rebound.
0:18 of 1st period - Ben King wins face-off versus Logan Morrison in Wolves zone.
0:27 of 1st period - Shot by Brennan Othmann.
0:27 of 1st period - Stopped by Kevin Mandolese with a rebound.
0:29 of 1st period - Shot by Brennan Othmann.
0:29 of 1st period - Stopped by Kevin Mandolese with a rebound.
0:33 of 1st period - Shot by Brennan Othmann.
0:33 of 1st period - Stopped by Kevin Mandolese without a rebound.
0:34 of 1st period - Kyle Betts wins face-off versus Marco Kasper in Sound Tigers zone.
0:38 of 1st period - Off-side.
0:39 of 1st period - Ty Glover wins face-off versus James van Riemsdyk in neutral zone.
0:58 of 1st period - Shot by Zachary Bolduc.
0:58 of 1st period - Stopped by Kevin Mandolese without a rebound.
0:59 of 1st period - Ben King wins face-off versus Kyle Betts in Sound Tigers zone.
2:45 of 1st period - Shot by Jesse Puljujarvi.
2:45 of 1st period - Stopped by Kevin Mandolese without a rebound.
2:46 of 1st period - Philippe Maillet wins face-off versus Nils aman in Sound Tigers zone.
3:06 of 1st period - Jesse Puljujarvi is hit by Nate Clurman and loses puck.
3:30 of 1st period - Corson Ceulemans is hit by Liam O'Brien and loses puck.
3:53 of 1st period - Icing by Noel Hoefenmayer.
3:54 of 1st period - Philippe Maillet wins face-off versus James van Riemsdyk in Sound Tigers zone.
4:16 of 1st period - Logan Morrison is hit by Logan Mailloux and loses puck.
4:37 of 1st period - Shot by Logan Morrison.
4:37 of 1st period - Shot Blocked by Logan Mailloux.
4:56 of 1st period - Icing by James van Riemsdyk.
4:57 of 1st period - Ty Glover wins face-off versus Marco Kasper in Wolves zone.
5:00 of 1st period - Shot by Ryan Francis.
5:00 of 1st period - Stopped by Yaroslav Askarov without a rebound.
5:01 of 1st period - Nils aman wins face-off versus Ty Glover in Wolves zone.
5:01 of 1st period - Nils aman is hit by Liam O'Brien.
5:20 of 1st period - Daemon Hunt is hit by Liam O'Brien and loses puck.
5:27 of 1st period - Shot by Liam O'Brien.
5:27 of 1st period - Shot Misses the Net.
5:37 of 1st period - Jimmy Schuldt is hit by Nils aman and loses puck.
6:52 of 1st period - Shot by Ben King.
6:52 of 1st period - Stopped by Kevin Mandolese with a rebound.
7:03 of 1st period - Icing by Nate Clurman.
7:04 of 1st period - Marco Kasper wins face-off versus Kyle Betts in Sound Tigers zone.
7:07 of 1st period - Shot by James van Riemsdyk.
7:07 of 1st period - Deflect By Ethan Cardwell.
7:07 of 1st period - Shot Misses the Net.
7:09 of 1st period - Shot by James van Riemsdyk.
7:09 of 1st period - Goal by James van Riemsdyk - Wolves : 1 - Sound Tigers : 0.
7:10 of 1st period - Kyle Betts wins face-off versus Marco Kasper in neutral zone.
7:36 of 1st period - Shot by James van Riemsdyk.
7:36 of 1st period - Shot Misses the Net.
7:47 of 1st period - Minor Penalty to Ben King for Tripping.
7:48 of 1st period - Philippe Maillet wins face-off versus Fabian Lysell in Wolves zone.
8:02 of 1st period - Shot by Tobias Bjornfot.
8:02 of 1st period - Stopped by Yaroslav Askarov without a rebound.
8:03 of 1st period - Fabian Lysell wins face-off versus Logan Morrison in Wolves zone.
8:16 of 1st period - Shot by Tim Gettinger.
8:16 of 1st period - Stopped by Yaroslav Askarov without a rebound.
8:17 of 1st period - Philippe Maillet wins face-off versus Fabian Lysell in Wolves zone.
8:22 of 1st period - Shot by Austin Czarnik.
8:22 of 1st period - Shot Misses the Net.
8:24 of 1st period - Shot by Mason Shaw.
8:24 of 1st period - Deflect By Austin Czarnik.
8:24 of 1st period - Stopped by Yaroslav Askarov without a rebound.
8:25 of 1st period - Logan Morrison wins face-off versus Fabian Lysell in Wolves zone.
8:26 of 1st period - Shot by Jimmy Schuldt.
8:26 of 1st period - Goal by Jimmy Schuldt - Wolves : 1 - Sound Tigers : 1.
8:27 of 1st period - Ty Glover wins face-off versus Marco Kasper in neutral zone.
8:33 of 1st period - Icing by Carson Lambos.
8:34 of 1st period - Marco Kasper wins face-off versus Ty Glover in Wolves zone.
8:45 of 1st period - Ty Glover is hit by Carson Lambos and loses puck.
8:59 of 1st period - Liam O'Brien is hit by Carson Lambos.
9:32 of 1st period - Jimmy Schuldt is hit by Brennan Othmann and loses puck.
10:21 of 1st period - Shot by Mason Shaw.
10:21 of 1st period - Stopped by Yaroslav Askarov without a rebound.
10:22 of 1st period - Nils aman wins face-off versus Dominic Franco in Wolves zone.
10:22 of 1st period - Nils aman is hit by Dominic Franco.
10:54 of 1st period - Off-side.
10:55 of 1st period - Logan Morrison wins face-off versus Marco Kasper in neutral zone.
11:11 of 1st period - Icing by Daemon Hunt.
11:12 of 1st period - Philippe Maillet wins face-off versus Marco Kasper in Wolves zone.
11:39 of 1st period - Shot by Philippe Maillet.
11:39 of 1st period - Stopped by Yaroslav Askarov with a rebound.
12:11 of 1st period - Shot by Kyle Betts.
12:11 of 1st period - Shot Blocked by Carson Lambos.
12:13 of 1st period - Shot by Kyle Betts.
12:13 of 1st period - Shot Misses the Net.
12:15 of 1st period - Shot by Dominic Franco.
12:15 of 1st period - Stopped by Yaroslav Askarov without a rebound.
12:16 of 1st period - Nils aman wins face-off versus Logan Morrison in Wolves zone.
12:38 of 1st period - Shot by Jesse Puljujarvi.
12:38 of 1st period - Deflect By Zachary Bolduc.
12:38 of 1st period - Shot Misses the Net.
13:45 of 1st period - Shot by Brennan Othmann.
13:45 of 1st period - Stopped by Kevin Mandolese with a rebound.
13:47 of 1st period - Shot by Brennan Othmann.
13:47 of 1st period - Stopped by Kevin Mandolese without a rebound.
13:48 of 1st period - Philippe Maillet wins face-off versus Marco Kasper in Sound Tigers zone.
13:59 of 1st period - Shot by James van Riemsdyk.
13:59 of 1st period - Stopped by Kevin Mandolese without a rebound.
14:00 of 1st period - Marco Kasper wins face-off versus Ty Glover in Sound Tigers zone.
14:39 of 1st period - Off-side.
14:40 of 1st period - Logan Morrison wins face-off versus Ben King in neutral zone.
14:40 of 1st period - Mason Shaw is hit by Ben King.
14:56 of 1st period - Logan Morrison is hit by Corson Ceulemans and loses puck.
15:14 of 1st period - Minor Penalty to Brennan Othmann for Holding.
15:15 of 1st period - Mason Shaw wins face-off versus Fabian Lysell in Wolves zone.
15:18 of 1st period - Shot by Austin Czarnik.
15:18 of 1st period - Stopped by Yaroslav Askarov without a rebound.
15:19 of 1st period - Philippe Maillet wins face-off versus Fabian Lysell in Wolves zone.
16:03 of 1st period - Shot by Jimmy Schuldt.
16:03 of 1st period - Shot Misses the Net.
16:05 of 1st period - Shot by Logan Morrison.
16:05 of 1st period - Deflect By Tim Gettinger.
16:05 of 1st period - Shot Blocked by Samuel Bolduc.
16:07 of 1st period - Shot by Jimmy Schuldt.
16:07 of 1st period - Shot Blocked by Daemon Hunt.
16:17 of 1st period - Shot by Tobias Bjornfot.
16:17 of 1st period - Stopped by Yaroslav Askarov with a rebound.
16:19 of 1st period - Shot by Logan Morrison.
16:19 of 1st period - Deflect By Callahan Burke.
16:19 of 1st period - Stopped by Yaroslav Askarov without a rebound.
16:20 of 1st period - Logan Morrison wins face-off versus Nils aman in Wolves zone.
17:00 of 1st period - Icing by Philippe Maillet.
17:01 of 1st period - Philippe Maillet wins face-off versus Fabian Lysell in Sound Tigers zone.
17:08 of 1st period - Shot by Jimmy Schuldt.
17:08 of 1st period - Deflect By Philippe Maillet.
17:08 of 1st period - Shot Misses the Net.
17:10 of 1st period - Shot by Mason Shaw.
17:10 of 1st period - Shot Misses the Net.
17:34 of 1st period - Shot by Liam O'Brien.
17:34 of 1st period - Stopped by Yaroslav Askarov without a rebound.
17:35 of 1st period - Kyle Betts wins face-off versus Ben King in Wolves zone.
17:38 of 1st period - Shot by Dominic Franco.
17:38 of 1st period - Stopped by Yaroslav Askarov with a rebound.
17:40 of 1st period - Shot by Dominic Franco.
17:40 of 1st period - Deflect By Timur Ibragimov.
17:40 of 1st period - Stopped by Yaroslav Askarov without a rebound.
17:41 of 1st period - Marco Kasper wins face-off versus Kyle Betts in Wolves zone.
17:41 of 1st period - Marco Kasper is hit by Dominic Franco.
18:03 of 1st period - Icing by Dominic Franco.
18:04 of 1st period - Ben King wins face-off versus Kyle Betts in Sound Tigers zone.
18:04 of 1st period - Brennan Othmann is hit by Nate Clurman and loses puck.
18:21 of 1st period - Shot by Dominic Franco.
18:21 of 1st period - Shot Misses the Net.
19:40 of 1st period - Shot by Logan Mailloux.
19:40 of 1st period - Stopped by Kevin Mandolese with a rebound.
19:42 of 1st period - Shot by Ethan Cardwell.
19:42 of 1st period - Stopped by Kevin Mandolese with a rebound.
19:54 of 1st period - Shot by Jesse Puljujarvi.
19:54 of 1st period - Stopped by Kevin Mandolese with a rebound.
19:58 of 1st period - Shot by Jesse Puljujarvi.
19:58 of 1st period - Shot Misses the Net.
Goals for this period are 1 for Wolves vs 1 for Sound Tigers.
Shots for this period are 13 for Wolves vs 15 for Sound Tigers.

2nd period


0:01 of 2nd period - Ty Glover wins face-off versus James van Riemsdyk in neutral zone.
0:13 of 2nd period - Shot by Zachary Bolduc.
0:13 of 2nd period - Shot Blocked by Tobias Bjornfot.
0:35 of 2nd period - Shot by Liam O'Brien.
0:35 of 2nd period - Shot Misses the Net.
2:14 of 2nd period - Minor Penalty to Brennan Othmann for Roughing.
2:15 of 2nd period - Philippe Maillet wins face-off versus Nils aman in Wolves zone.
2:23 of 2nd period - Icing by Mason Shaw.
2:24 of 2nd period - Philippe Maillet wins face-off versus Nils aman in Sound Tigers zone.
4:18 of 2nd period - Shot by Brennan Othmann.
4:18 of 2nd period - Stopped by Kevin Mandolese with a rebound.
4:27 of 2nd period - Ethan Cardwell is hit by Noel Hoefenmayer and loses puck.
4:37 of 2nd period - Icing by Carson Lambos.
4:38 of 2nd period - Kyle Betts wins face-off versus Ben King in Wolves zone.
4:51 of 2nd period - Dominic Franco is hit by Ben King and loses puck.
5:31 of 2nd period - Ty Glover is hit by Logan Mailloux.
5:42 of 2nd period - Liam O'Brien is hit by Logan Mailloux and loses puck.
5:55 of 2nd period - Shot by Tim Gettinger.
5:55 of 2nd period - Stopped by Yaroslav Askarov without a rebound.
5:56 of 2nd period - Logan Morrison wins face-off versus Nils aman in Wolves zone.
6:09 of 2nd period - Shot by Nils aman.
6:09 of 2nd period - Stopped by Kevin Mandolese without a rebound.
6:10 of 2nd period - Kyle Betts wins face-off versus Ben King in Sound Tigers zone.
6:18 of 2nd period - Timur Ibragimov is hit by Corson Ceulemans and loses puck.
6:34 of 2nd period - Icing by Corson Ceulemans.
6:35 of 2nd period - Ben King wins face-off versus Philippe Maillet in Wolves zone.
6:40 of 2nd period - Shot by Brennan Othmann.
6:40 of 2nd period - Shot Misses the Net.
6:42 of 2nd period - Shot by Corson Ceulemans.
6:42 of 2nd period - Shot Misses the Net.
6:44 of 2nd period - Shot by Ethan Cardwell.
6:44 of 2nd period - Goal by Ethan Cardwell - Wolves : 2 - Sound Tigers : 1.
6:45 of 2nd period - Ty Glover wins face-off versus Nils aman in neutral zone.
7:40 of 2nd period - Shot by Mason Shaw.
7:40 of 2nd period - Stopped by Yaroslav Askarov without a rebound.
7:41 of 2nd period - Ben King wins face-off versus Kyle Betts in Wolves zone.
8:09 of 2nd period - Off-side.
8:10 of 2nd period - Logan Morrison wins face-off versus Marco Kasper in neutral zone.
9:01 of 2nd period - Jimmy Schuldt is hit by James van Riemsdyk and loses puck.
9:14 of 2nd period - Shot by Austin Czarnik.
9:14 of 2nd period - Shot Blocked by Samuel Bolduc.
10:11 of 2nd period - Dominic Franco is hit by Jesse Puljujarvi and loses puck.
10:22 of 2nd period - Shot by Zachary Bolduc.
10:22 of 2nd period - Shot Misses the Net.
10:24 of 2nd period - Shot by Nils aman.
10:24 of 2nd period - Deflect By Zachary Bolduc.
10:24 of 2nd period - Stopped by Kevin Mandolese with a rebound.
10:32 of 2nd period - Shot by Jesse Puljujarvi.
10:32 of 2nd period - Stopped by Kevin Mandolese with a rebound.
10:34 of 2nd period - Shot by Jesse Puljujarvi.
10:34 of 2nd period - Shot Misses the Net.
11:07 of 2nd period - Shot by Marco Kasper.
11:07 of 2nd period - Stopped by Kevin Mandolese without a rebound.
11:08 of 2nd period - Ty Glover wins face-off versus James van Riemsdyk in Sound Tigers zone.
11:26 of 2nd period - Noel Hoefenmayer is hit by Carson Lambos and loses puck.
11:43 of 2nd period - Icing by Corson Ceulemans.
11:44 of 2nd period - Logan Morrison wins face-off versus James van Riemsdyk in Wolves zone.
11:51 of 2nd period - Shot by Mason Shaw.
11:51 of 2nd period - Deflect By Tim Gettinger.
11:51 of 2nd period - Shot Misses the Net.
12:35 of 2nd period - Shot by Samuel Bolduc.
12:35 of 2nd period - Shot Misses the Net.
14:16 of 2nd period - Ben King is hit by Liam O'Brien and loses puck.
14:26 of 2nd period - Minor Penalty to Liam O'Brien for Slashing.
14:27 of 2nd period - Ty Glover wins face-off versus Nils aman in Sound Tigers zone.
14:27 of 2nd period - Ty Glover is hit by Luke Toporowski.
15:11 of 2nd period - Shot by Josh Lopina.
15:11 of 2nd period - Stopped by Kevin Mandolese with a rebound.
15:13 of 2nd period - Shot by Josh Lopina.
15:13 of 2nd period - Stopped by Kevin Mandolese without a rebound.
15:14 of 2nd period - Ben King wins face-off versus Philippe Maillet in Sound Tigers zone.
16:05 of 2nd period - Shot by Timur Ibragimov.
16:05 of 2nd period - Shot Blocked by Marco Kasper.
16:56 of 2nd period - Minor Penalty to David Reinbacher for Hooking.
16:57 of 2nd period - Logan Morrison wins face-off versus Fabian Lysell in Wolves zone.
18:46 of 2nd period - Icing by Noel Hoefenmayer.
18:47 of 2nd period - Philippe Maillet wins face-off versus Zachary Bolduc in Sound Tigers zone.
19:01 of 2nd period - Timur Ibragimov is hit by Josh Lopina and loses puck.
19:24 of 2nd period - Josh Lopina is hit by Dominic Franco and loses puck.
19:36 of 2nd period - Minor Penalty to Jimmy Schuldt for Tripping.
19:37 of 2nd period - Ben King wins face-off versus Ty Glover in Sound Tigers zone.
Goals for this period are 1 for Wolves vs 0 for Sound Tigers.
Shots for this period are 8 for Wolves vs 2 for Sound Tigers.

3rd period


0:01 of 3rd period - Ty Glover wins face-off versus Ethan Cardwell in neutral zone.
0:30 of 3rd period - Shot by Daemon Hunt.
0:30 of 3rd period - Shot Misses the Net.
0:37 of 3rd period - Icing by Samuel Bolduc.
0:38 of 3rd period - Nils aman wins face-off versus Ty Glover in Wolves zone.
0:40 of 3rd period - Icing by Zachary Bolduc.
0:41 of 3rd period - Nils aman wins face-off versus Ty Glover in Wolves zone.
0:43 of 3rd period - Minor Penalty to Ty Glover for Roughing.
0:44 of 3rd period - Timur Ibragimov wins face-off versus Ben King in Sound Tigers zone.
0:57 of 3rd period - Tobias Bjornfot is hit by Ben King and loses puck.
1:14 of 3rd period - Shot by Brennan Othmann.
1:14 of 3rd period - Shot Blocked by Tobias Bjornfot.
1:16 of 3rd period - Shot by David Reinbacher.
1:16 of 3rd period - Stopped by Kevin Mandolese without a rebound.
1:17 of 3rd period - Nils aman wins face-off versus Logan Morrison in Sound Tigers zone.
1:41 of 3rd period - Icing by Daemon Hunt.
1:42 of 3rd period - Timur Ibragimov wins face-off versus Nils aman in Wolves zone.
2:05 of 3rd period - Philippe Maillet is hit by Ethan Cardwell.
2:31 of 3rd period - Shot by Logan Mailloux.
2:31 of 3rd period - Shot Misses the Net.
2:33 of 3rd period - Shot by Ben King.
2:33 of 3rd period - Deflect By Brennan Othmann.
2:33 of 3rd period - Goal by Brennan Othmann - Wolves : 3 - Sound Tigers : 1.
2:34 of 3rd period - Ty Glover wins face-off versus Marco Kasper in neutral zone.
2:36 of 3rd period - Ryan Francis is hit by Corson Ceulemans and loses puck.
2:40 of 3rd period - Ty Glover is hit by Corson Ceulemans and loses puck.
2:44 of 3rd period - Ryan Francis is hit by Carson Lambos and loses puck.
2:49 of 3rd period - Shot by Liam O'Brien.
2:49 of 3rd period - Shot Blocked by Marco Kasper.
2:51 of 3rd period - Shot by Ty Glover.
2:51 of 3rd period - Shot Misses the Net.
2:53 of 3rd period - Shot by Ty Glover.
2:53 of 3rd period - Stopped by Yaroslav Askarov with a rebound.
2:55 of 3rd period - Shot by Noel Hoefenmayer.
2:55 of 3rd period - Stopped by Yaroslav Askarov without a rebound.
2:56 of 3rd period - Ben King wins face-off versus Kyle Betts in Wolves zone.
3:03 of 3rd period - Shot by Brennan Othmann.
3:03 of 3rd period - Shot Misses the Net.
3:19 of 3rd period - Shot by Dominic Franco.
3:19 of 3rd period - Shot Misses the Net.
3:24 of 3rd period - Kyle Betts is hit by Logan Mailloux and loses puck.
3:27 of 3rd period - Shot by Dominic Franco.
3:27 of 3rd period - Shot Misses the Net.
3:42 of 3rd period - Minor Penalty to Liam O'Brien for Roughing.
3:43 of 3rd period - Zachary Bolduc wins face-off versus Ty Glover in Sound Tigers zone.
4:49 of 3rd period - Shot by David Reinbacher.
4:49 of 3rd period - Shot Blocked by Tobias Bjornfot.
5:01 of 3rd period - Shot by Philippe Maillet.
5:01 of 3rd period - Shot Blocked by Logan Mailloux.
5:03 of 3rd period - Shot by Helge Grans.
5:03 of 3rd period - Stopped by Yaroslav Askarov without a rebound.
5:04 of 3rd period - Nils aman wins face-off versus Timur Ibragimov in Wolves zone.
5:25 of 3rd period - Shot by Zachary Bolduc.
5:25 of 3rd period - Stopped by Kevin Mandolese without a rebound.
5:26 of 3rd period - Nils aman wins face-off versus Ty Glover in Sound Tigers zone.
5:29 of 3rd period - Shot by Zachary Bolduc.
5:29 of 3rd period - Stopped by Kevin Mandolese without a rebound.
5:30 of 3rd period - Ty Glover wins face-off versus Nils aman in Sound Tigers zone.
6:52 of 3rd period - Logan Morrison is hit by Ben King and loses puck.
7:23 of 3rd period - Jesse Puljujarvi is hit by Jimmy Schuldt and loses puck.
8:15 of 3rd period - Icing by Noel Hoefenmayer.
8:16 of 3rd period - Ben King wins face-off versus Ty Glover in Sound Tigers zone.
8:21 of 3rd period - Shot by Fabian Lysell.
8:21 of 3rd period - Deflect By Ben King.
8:21 of 3rd period - Stopped by Kevin Mandolese without a rebound.
8:22 of 3rd period - Ben King wins face-off versus Kyle Betts in Sound Tigers zone.
9:18 of 3rd period - Off-side.
9:19 of 3rd period - Ty Glover wins face-off versus Marco Kasper in neutral zone.
9:29 of 3rd period - Shot by Liam O'Brien.
9:29 of 3rd period - Stopped by Yaroslav Askarov without a rebound.
9:29 of 3rd period - Minor Penalty to Yaroslav Askarov for Delaying the game.
9:30 of 3rd period - Philippe Maillet wins face-off versus Fabian Lysell in Wolves zone.
9:39 of 3rd period - Shot by Philippe Maillet.
9:39 of 3rd period - Stopped by Yaroslav Askarov with a rebound.
10:36 of 3rd period - Shot by Logan Morrison.
10:36 of 3rd period - Stopped by Yaroslav Askarov without a rebound.
10:37 of 3rd period - Logan Morrison wins face-off versus Nils aman in Wolves zone.
10:56 of 3rd period - Shot by Logan Morrison.
10:56 of 3rd period - Shot Misses the Net.
10:58 of 3rd period - Shot by Tobias Bjornfot.
10:58 of 3rd period - Stopped by Yaroslav Askarov without a rebound.
10:59 of 3rd period - Philippe Maillet wins face-off versus Fabian Lysell in Wolves zone.
11:53 of 3rd period - Noel Hoefenmayer is hit by Marco Kasper and loses puck.
12:18 of 3rd period - Off-side.
12:19 of 3rd period - Zachary Bolduc wins face-off versus Tim Gettinger in neutral zone.
12:19 of 3rd period - Zachary Bolduc is hit by Tim Gettinger.
12:23 of 3rd period - Tim Gettinger is hit by Nils aman and loses puck.
12:29 of 3rd period - Icing by Jimmy Schuldt.
12:30 of 3rd period - Ben King wins face-off versus Logan Morrison in Sound Tigers zone.
12:58 of 3rd period - Ben King is hit by Tobias Bjornfot and loses puck.
13:32 of 3rd period - Shot by Philippe Maillet.
13:32 of 3rd period - Shot Blocked by Logan Mailloux.
13:34 of 3rd period - Shot by Austin Czarnik.
13:34 of 3rd period - Shot Misses the Net.
13:36 of 3rd period - Shot by Nate Clurman.
13:36 of 3rd period - Shot Misses the Net.
13:44 of 3rd period - Shot by Austin Czarnik.
13:44 of 3rd period - Shot Misses the Net.
13:46 of 3rd period - Shot by Noel Hoefenmayer.
13:46 of 3rd period - Stopped by Yaroslav Askarov with a rebound.
13:52 of 3rd period - Shot by Philippe Maillet.
13:52 of 3rd period - Shot Misses the Net.
15:07 of 3rd period - Shot by Noel Hoefenmayer.
15:07 of 3rd period - Stopped by Yaroslav Askarov with a rebound.
16:04 of 3rd period - Shot by Zachary Bolduc.
16:04 of 3rd period - Deflect By Jesse Puljujarvi.
16:04 of 3rd period - Shot Misses the Net.
16:06 of 3rd period - Shot by Jesse Puljujarvi.
16:06 of 3rd period - Stopped by Kevin Mandolese with a rebound.
16:14 of 3rd period - Shot by Jesse Puljujarvi.
16:14 of 3rd period - Goal by Jesse Puljujarvi - Wolves : 4 - Sound Tigers : 1.
16:15 of 3rd period - Dominic Franco wins face-off versus Nils aman in neutral zone.
16:23 of 3rd period - Minor Penalty to Helge Grans for Slashing.
16:24 of 3rd period - Nils aman wins face-off versus Timur Ibragimov in Sound Tigers zone.
16:49 of 3rd period - Shot by Austin Czarnik.
16:49 of 3rd period - Deflect By Logan Morrison.
16:49 of 3rd period - Shot Blocked by Daemon Hunt.
17:13 of 3rd period - Shot by Logan Mailloux.
17:13 of 3rd period - Shot Misses the Net.
18:33 of 3rd period - Shot by Dominic Franco.
18:33 of 3rd period - Shot Misses the Net.
18:35 of 3rd period - Shot by Timur Ibragimov.
18:35 of 3rd period - Shot Blocked by Samuel Bolduc.
19:14 of 3rd period - Mason Shaw is hit by Marco Kasper and loses puck.
19:20 of 3rd period - Zachary Bolduc is hit by Noel Hoefenmayer and loses puck.
19:55 of 3rd period - Shot by Austin Czarnik.
19:55 of 3rd period - Stopped by Yaroslav Askarov without a rebound.
19:56 of 3rd period - Ben King wins face-off versus Ty Glover in Wolves zone.
Goals for this period are 2 for Wolves vs 0 for Sound Tigers.
Shots for this period are 7 for Wolves vs 10 for Sound Tigers.